 Dungeon Crawl Stone Soup version 0.20.0 (webtiles) character file.

3631 SpeedrunTech the Cleaver (level 9, 4/86 HPs)
             Began as a Minotaur Berserker on June 11, 2017.
             Was a Believer of Trog.
             Quit the game on level 9 of the Dungeon.
             The game lasted 00:02:47 (4462 turns).

SpeedrunTech the Cleaver (Minotaur Berserker)       Turns: 4462, Time: 00:02:48

Health: 4/86       AC:  9    Str: 26    XL:     9   Next: 87%
Magic:  8/8        EV:  9    Int:  4    God:    Trog [**....]
Gold:   119        SH:  0    Dex:  9    Spells: 8/8 levels left

rFire    + . .     SeeInvis .   a - +0 battleaxe
rCold    . . .     Gourm    .   (shield currently unavailable)
rNeg     . . .     Faith    .   o - +0 chain mail
rPois    .         Spirit   .   (helmet restricted)
rElec    .         Reflect  .   (no cloak)
rCorr    .         Harm     .   (no gloves)
MR       .....                  d - +0 pair of boots
Stlth    ..........             (no amulet)
Regen    0.3/turn               j - ring of protection from fire
MPRegen  0.2/turn               (no ring)

@: very slow
A: retaliatory headbutt, horns 2
a: Berserk, Trog's Hand, Burn Spellbooks, Renounce Religion


You were on level 9 of the Dungeon.
You worshipped Trog.
Trog was pleased with you.
You were full.

You visited 1 branch of the dungeon, and saw 9 of its levels.

You collected 119 gold pieces.

Inventory:

Hand Weapons
 a - a +0 battleaxe (weapon)
Armour
 d - a +0 pair of boots (worn)
 o - a +0 chain mail (worn)
Jewellery
 j - a ring of protection from fire (left hand)
Wands
 p - a wand of acid (7/15)
Scrolls
 e - a scroll of remove curse
 i - a scroll of teleportation {unknown}
 n - a scroll of fear {unknown}
 r - a scroll of identify {unknown}
Potions
 b - a potion of curing {unknown}
 g - a potion of heal wounds {unknown}
 k - a potion of might {unknown}
 m - a potion of haste {unknown}
 q - a potion of flight {unknown}
Comestibles
 c - a bread ration
 f - 2 royal jellies
 h - 3 meat rations
 l - a chunk of flesh


   Skills:
 + Level 10.4 Fighting
 * Level 13.7 Axes
 - Level 2.4 Armour
 - Level 2.1 Dodging


You had 8 spell levels left.
You didn't know any spells.

Dungeon Overview and Level Annotations

Branches:
Dungeon (9/15)             Temple (0/1) D:5            Lair (0/6) D:9
    Orc: D:9-12

Altars:
Ashenzari
Qazlal
Yredelemnul

Annotations:
D:3 1 transporter


Innate Abilities, Weirdness & Mutations

You reflexively headbutt those who attack you in melee.
You have a pair of horns on your head.


Message History

The electric eel shoots out a bolt of lightning at you!
The bolt of electricity hits you!
There are monsters nearby!
Unknown command.
You enter the shallow water.
Moving in this stuff is going to be slow.
An electric eel comes into view.
The electric eel shoots out a bolt of lightning at you!
The bolt of electricity hits you!
The electric eel shoots out a bolt of lightning at you!
The bolt of electricity hits you!
* * * LOW HITPOINT WARNING * * *
The electric eel shoots out a bolt of lightning at you!
The bolt of electricity misses you.
The electric eel shoots out a bolt of lightning at you!
The bolt of electricity hits you!
* * * LOW HITPOINT WARNING * * *
Found a staircase to the Lair.
Unknown command.
Are you sure you want to abandon this character and quit the game? (Confirm with "yes".)

....≈...≈..≈≈≈≈
......≈≈..≈≈≈≈≈≈
...)....≈.≈≈≈;≈≈
......≈≈≈≈≈≈≈≈;≈
......≈≈≈≈≈;.≈≈.≈
........≈≈≈≈≈≈≈≈...
..................>
!.......≈≈@≈≈≈≈...
........$.≈≈≈≈...≈
#..#..≈≈≈≈≈≈≈≈≈≈.
#####.#....≈≈≈≈≈≈≈≈≈≈
#.....÷.....≈≈≈..≈≈≈≈
##......÷....≈......≈.
.....>..............≈.
##........######......
#........# .....


You could see 3 electric eels.

Vanquished Creatures
  2 two-headed ogres (D:8)
  A troll (D:9)
  An orc warrior (D:8)
  2 phantoms
  2 sky beasts
  A necrophage (D:8)
  2 ogres
  A wolf (D:9)
  2 ice beasts (D:8)
  2 centaurs (D:7)
  A bullfrog (D:8)
  A scorpion (D:8)
  3 killer bees (D:9)
  A howler monkey (D:8)
  A crimson imp (D:9)
  A centaur zombie (D:5)
  7 hounds
  A bullfrog skeleton (D:6)
  A gnoll shaman (D:7)
  A jelly (D:8)
  2 orc priests (D:8)
  2 orc wizards (D:8)
  Natasha (twice) (D:3)
  An iguana (D:8)
  4 worker ants
  A howler monkey zombie (D:8)
  3 gnolls (D:7)
  2 adders
  An adder zombie (D:9)
  An adder skeleton (D:8)
  A worm (D:2)
  A dart slug (D:1)
  A leopard gecko (D:3)
  7 orcs
  4 bats
  2 giant cockroaches (D:1)
  2 goblins
  3 hobgoblins
  A jackal (D:3)
  2 kobolds (D:1)
  2 quokkas
  A ball python (D:2)
  A rat (D:2)
81 creatures vanquished.

Notes
Turn   | Place    | Note
-------+----------+-------------------------------------------
     0 | D:1      | SpeedrunTech the Minotaur Berserker began the quest for the Orb.
     0 | D:1      | Reached XP level 1. HP: 19/19 MP: 0/0
   203 | D:1      | Reached skill level 4 in Axes
   215 | D:2      | Reached XP level 2. HP: 7/27 MP: 1/1
   575 | D:2      | Reached XP level 3. HP: 27/33 MP: 2/2
   709 | D:3      | Noticed a phantom
   718 | D:3      | Killed a phantom
   718 | D:3      | Reached skill level 5 in Fighting
   718 | D:3      | Reached skill level 5 in Axes
   718 | D:3      | Reached XP level 4. HP: 27/42 MP: 3/3
   847 | D:3      | Noticed Natasha
   853 | D:3      | Killed Natasha
   853 | D:3      | Reached skill level 6 in Axes
   853 | D:3      | Reached XP level 5. HP: 48/48 MP: 4/4
   955 | D:3      | Found a basalt altar of Yredelemnul.
   963 | D:3      | Noticed Natasha
   972 | D:3      | Killed Natasha
  1121 | D:5      | Entered Level 5 of the Dungeon
  1121 | D:5      | Noticed an ogre
  1125 | D:5      | Noticed a phantom
  1125 | D:5      | Killed an ogre
  1125 | D:5      | Reached skill level 7 in Axes
  1125 | D:5      | Reached XP level 6. HP: 56/56 MP: 5/5
  1468 | D:5      | Found a staircase to the Ecumenical Temple.
  1596 | D:6      | Reached ** piety under Trog
  1734 | D:7      | Found a stormy altar of Qazlal.
  1737 | D:7      | Noticed a sky beast
  1751 | D:7      | Killed a sky beast
  1751 | D:7      | Reached skill level 8 in Axes
  2038 | D:7      | Reached XP level 7. HP: 64/64 MP: 6/6
  2184 | D:7      | Reached skill level 9 in Axes
  2321 | D:8      | Found a shattered altar of Ashenzari.
  2493 | D:8      | Noticed a two-headed ogre
  2501 | D:8      | Killed a two-headed ogre
  2501 | D:8      | Reached skill level 10 in Axes
  2501 | D:8      | Reached XP level 8. HP: 62/74 MP: 7/7
  2623 | D:8      | Reached skill level 11 in Axes
  2775 | D:8      | Noticed a two-headed ogre
  2782 | D:8      | Killed a two-headed ogre
  2782 | D:8      | Reached skill level 12 in Axes
  2782 | D:8      | Reached XP level 9. HP: 68/83 MP: 8/8
  2795 | D:8      | HP: 8/83 [ogre/giant club (27)]
  3651 | D:8      | Identified a scroll of acquirement
  3652 | D:8      | Got a shimmering arbalest
  3653 | D:8      | Identified the +3 arbalest "Jepal" {penet, rF++ Int+4} (You acquired it on level 8 of the Dungeon)
  3779 | D:8      | Reached skill level 13 in Axes
  3913 | D:9      | Noticed a troll
  3922 | D:9      | Killed a troll
  3922 | D:9      | Reached skill level 10 in Fighting
  4461 | D:9      | Found a staircase to the Lair.
  4461 | D:9      | HP: 4/86 [electric eel/bolt of electricity (8)]
  4462 | D:9      | Quit the game

Skill      XL: |  1  2  3  4  5  6  7  8  9 |
---------------+----------------------------+-----
Axes           | 4 5 6 7 8 10 12 13 | 13.7
Fighting       | 4 5 6 8 9 10 | 10.4
Armour         | |  2.4
Dodging        | |  2.1

Action                   |  1- 3 |  4- 6 |  7- 9 || total
-------------------------+-------+-------+-------++-------
Melee: Hand axe          |    31 |    50 |    51 ||   132
       Headbutt          |     4 |     8 |    30 ||    42
       Battleaxe         |       |       |    92 ||    92
Invok: Berserk           |     2 |     4 |     7 ||    13
       Trog's Hand       |       |       |     2 ||     2
  Use: Scroll            |       |       |     2 ||     2
  Eat: Chunk             |     1 |     3 |     5 ||     9
       Bread ration      |       |     2 |     2 ||     4
       Royal jelly       |       |       |     1 ||     1
Armor: Animal skin       |    11 |     5 |     1 ||    17
       Chain mail        |       |       |    49 ||    49
Dodge: Dodged            |    19 |    28 |    93 ||   140
